 Dungeon Sprint DCSS version 0.30-a0-585-g93115170b9 (webtiles) character file.

Game seed: 4885393827392543074

141 mhtbhm the Trooper (level 5, -3/37 HPs)
             Began as a Kobold Fighter on Jan 2, 2023.
             Slain by a chaos spawn (11 damage)
             ... summoned by a kobold demonologist
             ... in the Dungeon (Sprint III: "The Ten Rune Challenge").
             The game lasted 00:01:01 (373 turns).

mhtbhm the Trooper (Kobold Fighter)                  Turns: 373, Time: 00:01:01

Health: -3/37      AC: 12    Str: 15    XL:     5   Next: 48%
Magic:  5/5        EV: 11    Int: 10    God:
Gold:   9          SH:  6    Dex: 14    Spells: 4/4 levels left

rFire   . . .      SeeInvis .    a - +3 dagger (vamp)
rCold   . . .      Faith    .    c - +0 buckler
rNeg    . . .      Spirit   .    b - +0 scale mail
rPois   +          Reflect  .    (no helmet)
rElec   .          Harm     .    e - +2 cloak {rPois}
rCorr   .          Rampage  .    (no gloves)
Will    .....      Rage     3%   (no boots)
Stlth   +          NoTele   +    (no amulet)
HPRegen 0.26/turn                (no ring)
MPRegen 0.09/turn                (no ring)

@: mighty
A: small, no large weapons, nightstalker 3, iridescent scales 1, berserk 1,
MP-powered wands
a: no special abilities


You were in the Dungeon.
You visited 1 branch You collected 9 gold pieces.

Inventory:

Hand Weapons
 a - a +3 vampiric dagger (weapon)
Armour
 b - a +0 scale mail (worn)
 c - a +0 buckler (worn)
 e - a +2 cloak of poison resistance (worn)
Wands
 f - a wand of digging (6)
Scrolls
 k - 5 scrolls of identify
 l - 2 scrolls of poison {unknown}
Potions
 h - 2 potions of magic
 m - a potion of attraction {unknown}
 n - a potion of cancellation {unknown}
 o - a potion of flight {unknown}
 p - 3 potions of mutation


   Skills:
 + Level 6.5 Fighting
 + Level 6.3 Short Blades
 + Level 5.0 Armour
 + Level 1.1 Dodging
 + Level 4.8 Shields


You had 4 spell levels left.
You didn't know any spells.
Your spell library was empty.

Dungeon Overview and Level Annotations

Branches:
Dungeon (1/1)

Altars:
Kikubaaqudgha
Sif Muna
Vehumet


Innate Abilities, Weirdness & Mutations

You are small and have problems with some larger weapons.
You are completely attuned to the shadows.
You are partially covered in iridescent scales. (AC +2)
You sometimes lose your temper in combat.
You expend magic power (3 MP) to strengthen your wands.


Message History

You block the kobold demonologist's attack.
You miss the sixfirhy.
The sixfirhy is lightly wounded.
The kobold demonologist hits you but does no damage.
You closely miss the sixfirhy.
The sixfirhy is lightly wounded.
The sixfirhy hits you. The sixfirhy shocks you!
The sixfirhy hits you but does no damage.
You block the sixfirhy's attack.
You hit the sixfirhy.
The sixfirhy is lightly wounded.
The sixfirhy hits you. The sixfirhy shocks you!
* * * LOW HITPOINT WARNING * * *
The sixfirhy hits you but does no damage.
The kobold demonologist casts a spell.
The sixfirhy hits you but does no damage.
You are too injured to fight recklessly!
You are too injured to fight recklessly!
You are too injured to fight recklessly!
You are too injured to fight recklessly!
You are too injured to fight recklessly!
You are too injured to fight recklessly!
You are too injured to fight recklessly!
You are too injured to fight recklessly!
You are too injured to fight recklessly!
You are too injured to fight recklessly!
You are too injured to fight recklessly!
You are too injured to fight recklessly!
You are too injured to fight recklessly!
You are too injured to fight recklessly!
You are too injured to fight recklessly!
You are too injured to fight recklessly!
You are too injured to fight recklessly!
You are too injured to fight recklessly!
You feel very mighty all of a sudden. The sixfirhy barely misses you.
The sixfirhy hits you but does no damage.
The kobold demonologist casts a spell.
The chaos spawn hits you!
You die...

##.......#..#..#
.##.##...#..#..###+#+##
.##.###..##'#..#.......
####.##..###...'.⌠.....
##..##.†####...#...####
....##..###....#.⌠.#
#..##...##.....#...#
..##....#..)...#4###
.###..##.#.....#@3{# .#
#.. ####....#4K_# ▓▓ ▓▓
▓▓▓▓▓▓▓▓▓▓


You could see a hellwing (summoned), a kobold demonologist, a sixfirhy
(summoned) and a chaos spawn (summoned).

Vanquished Creatures
  A water elemental (D)
  Crazy Yiuf (D)
  Jessica (D)
  A human (D)
  An endoplasm (D)
  2 rats (D)
7 creatures vanquished.

Notes
Turn   | Place    | Note
-------+----------+-------------------------------------------
     0 | D        | mhtbhm the Kobold Fighter began the quest for the Orb.
     0 | D        | Reached XP level 1. HP: 14/14 MP: 1/1
    28 | D        | Noticed Jessica
    35 | D        | Killed Jessica
    36 | D        | Reached XP level 2. HP: 17/20 MP: 2/2
    36 | D        | Reached XP level 3. HP: 21/25 MP: 3/3
    61 | D        | Noticed Crazy Yiuf
    89 | D        | Reached skill level 5 in Fighting
   135 | D        | Killed Crazy Yiuf
   136 | D        | Reached XP level 4. HP: 24/32 MP: 4/4
   186 | D        | Gained mutation: You are partially covered in iridescent
                  | scales. (AC +2) [potion of mutation]
   186 | D        | Gained mutation: You sometimes lose your temper in combat.
                  | [potion of mutation]
   186 | D        | Gained mutation: You expend magic power (3 MP) to
                  | strengthen your wands. [potion of mutation]
   193 | D        | Noticed a water elemental
   208 | D        | Killed a water elemental
   209 | D        | Reached skill level 5 in Armour
   209 | D        | Reached skill level 1 in Dodging
   209 | D        | Reached XP level 5. HP: 4/37 MP: 5/5
   361 | D        | Found a radiant altar of Vehumet.
   362 | D        | Found a shimmering blue altar of Sif Muna.
   362 | D        | Found an ancient bone altar of Kikubaaqudgha.
   365 | D        | Noticed a sixfirhy
   373 | D        | Noticed a chaos spawn
   373 | D        | Slain by a chaos spawn

Illustrated notes

Levels and vault maps discovered:
D:        dungeon_sprint_mu [sprint_mu_entry_cave, sprint_mu_temple_rooms,
          sprint_mu_d1_horrors, sprint_mu_d2_genie, sprint_mu_d3_branching,
          sprint_mu_orc_legion, sprint_mu_elf_gauntlet, sprint_mu_hive_nellie,
          sprint_mu_lair_fedhas, sprint_mu_vaults_butterflies,
          sprint_mu_slime_circle, sprint_mu_shoals_kraken,
          sprint_mu_snake_twists, sprint_mu_blade_basic,
          sprint_mu_crypt_chambers, sprint_mu_tomb_spiral,
          sprint_mu_vestibule_basic, sprint_mu_gehenna_hellfire,
          sprint_mu_dis_giant, sprint_mu_tartarus_statrot,
          sprint_mu_cocytus_islands, sprint_mu_zot1]

Skill      XL: |  1  2  3  4 |
---------------+-------------+-----
Fighting       | 4 5 6 |  6.5
Short Blades   | 3 4 6 |  6.3
Armour         | 3 4 5 |  5.0
Shields        | 3 4 |  4.8
Dodging        | 1 |  1.1

Action                   |  1- 3 |  4- 6 || total
-------------------------+-------+-------++-------
Melee: Rapier            |     9 |       ||     9
       Dagger            |    46 |    18 ||    64
  Use: Potion            |     2 |     4 ||     6
       Scroll            |       |     1 ||     1
Armor: Scale mail        |     5 |     8 ||    13
Dodge: Dodged            |    10 |     5 ||    15
Block: Buckler           |    13 |     6 ||    19

Table legend: (Time is in decaauts)
 A = Elapsed time spent in this place.
 B = Non-inter-level travel time spent in this place.
 C = Inter-level travel time spent in this place.
 D = Time resting spent in this place.
 E = Time spent auto-exploring this place.
 F = Levels seen in this place.
 G = Mean time per level.
                   A        B        C        D        E       F      G
               +--------+--------+--------+--------+--------+-----+--------+
         Total |    339 |    339 |      0 |    161 |     27 |   1 |  339.0 |
       Dungeon |    339 |    339 |      0 |    161 |     27 |   1 |  339.0 |
               +--------+--------+--------+--------+--------+-----+--------+

Top non-repeatable levels by time:
       D: 339 daAuts
